 Dungeon Crawl Stone Soup version 0.31.0-32-g396128a36d (webtiles) character file.

Game seed: 15336152939658720473

440 PaiMei the Purveyor of Pain (level 6, -6/47 HPs)
             Began as a Demonspawn Necromancer on Mar 29, 2024.
             Was an Initiate of Kikubaaqudgha.
             Mangled by Grinder (8 damage)
             ... on level 4 of the Dungeon.
             The game lasted 00:04:22 (3435 turns).

PaiMei the Purveyor of Pain (DsNe)                  Turns: 3435, Time: 00:04:22

Health: -6/47      AC:  3    Str:  9    XL:     6   Next: 70%
Magic:  11/11      EV: 13    Int: 17    God:    Kikubaaqudgha [......]
Gold:   268        SH:  0    Dex: 13    Spells: 8/12 levels left

rFire   . . .        j - +1 short sword (venom)
rCold   . . .        (no shield)
rNeg    . . .        a - +0 robe
rPois   +            (no helmet)
rElec   .            (no cloak)
rCorr   .            n - +0 pair of gloves
SInv    .            (no boots)
Will    .....        (no amulet)
Stlth   ++           o - ring of poison resistance
HPRegen 0.27/turn    (no ring)
MPRegen 0.24/turn

%: no passive effects
@: mighty
A: spiny 2, magic regeneration, weakness stinger 1
a: Renounce Religion


You were on level 4 of the Dungeon.
You worshipped Kikubaaqudgha.
Kikubaaqudgha was noncommittal.
You visited 2 branches of the dungeon, and saw 5 of its levels.

You collected 268 gold pieces.

Inventory:

Hand Weapons
 j - a +1 short sword of venom (weapon)
Armour
 a - a +0 robe (worn)
 n - a +0 pair of gloves (worn)
Jewellery
 o - a ring of poison resistance (left hand)
Scrolls
 c - a scroll of enchant armour {unknown}
 d - a scroll of poison {unknown}
 e - 2 scrolls of immolation {unknown}
 g - a scroll of vulnerability {unknown}
 h - 4 scrolls of teleportation {unknown}
 i - 6 scrolls of identify {unknown}
 k - a scroll of enchant weapon {unknown}
 l - 3 scrolls of fear {unknown}
 m - a scroll of amnesia {unknown}
 q - a scroll of blinking {unknown}
 r - a scroll of fog {unknown}
Potions
 b - a potion of magic
 p - a potion of mutation {unknown}


   Skills:
 + Level 3.1 Fighting
 + Level 3.5 Dodging
 - Level 2.0 Stealth
 + Level 3.6 Spellcasting
 + Level 5.8 Necromancy


You had 8 spell levels left.
You knew the following spells:

 Your Spells              Type           Power      Damage    Failure   Level
a - Necrotise             Necr           92%        1d8       1%          1
b - Vampiric Draining     Necr           23%        2d7       4%          3

Your spell library contained the following spells:

 Spells                   Type           Power      Damage    Failure   Level
 Animate Dead             Necr           23%        N/A       14%         4
 Jinxbite                 Hex            6%         N/A       26%         2
 Curse of Agony           Necr           23%        N/A       38%         5
 Yara's Violent Unravell  Hex/Alch       1%         3d3       99%         5
 Enfeeble                 Hex            1%         N/A       100%        7


Dungeon Overview and Level Annotations

Branches:
Dungeon (4/15)             Temple (1/1) D:4

Altars:
Ashenzari
Cheibriados
Dithmenos
Fedhas
Gozag
Hepliaklqana
Kikubaaqudgha
Makhleb
Nemelex Xobeh
Okawaru
Ru
Sif Muna
Trog
Uskayaw
Vehumet
Wu Jian
Xom
Yredelemnul

Annotations:
D:3 1 runed translucent door, MollyMolluskus's ghost, amateur OpFi
D:4 1 runed translucent door, Crazy Yiuf; Grinder


Innate Abilities, Weirdness & Mutations

You are mostly covered in sharp spines.
You regenerate magic rapidly.
You have a small tail.


Message History

You hit Grinder but do no damage.
You tail-slap Grinder, but do no damage.
Grinder is struck by your spines. Grinder misses you.
You hit Grinder.
Grinder is moderately wounded.
Grinder gestures at you. You resist with significant effort.
You completely miss Grinder. You tail-slap Grinder.
Grinder is moderately wounded.
Grinder hits you.
You barely miss Grinder.
Your tail-slap misses Grinder.
Grinder is moderately wounded.
Grinder closely misses you.
You closely miss Grinder.
Grinder is moderately wounded.
Grinder gestures at you. Pain shoots through your body!
* * * LOW HITPOINT WARNING * * *
You hit Grinder but do no damage.
Grinder is poisoned.
Grinder is moderately wounded.
Grinder closely misses you.
You hit Grinder.
Grinder looks as sick as possible!
You tail-slap Grinder, but do no damage.
Grinder is moderately wounded.
Grinder completely misses you.
You barely miss Grinder.
Your tail-slap misses Grinder.
Grinder is heavily wounded.
Grinder closely misses you.
You closely miss Grinder.
Grinder is heavily wounded.
Grinder hits you!
* * * LOW HITPOINT WARNING * * *
You writhe in agony.
* * * LOW HITPOINT WARNING * * *
It was a potion of might.
You feel very mighty all of a sudden. Grinder is struck by your spines.
Grinder hits you!
You die...
Grinder says, "Hey, I wasn't done torturing you yet!"
Kikubaaqudgha rasps: "You have failed me!
Welcome... death!"

#####.######.# #.# #...)....#
#.# #.###.###.##.# #.#
#...#.###.##.# #.#
############...#.#...##.# #.#
#..........+.).#.#.####.# #5#
#.#####..###...#.#'####.###.#
#.#
#....#...#.5.......##.####
#.#
####........@........##....#
#.#
#......#####.........#####.#
#†# #.###..# #......#.#'## .#
..# # #.#..###...##.#.#.# .#
.## #.....#########.#.# .#
#### #.##..##....##..#.# .#
...# #.....#..##..####.# 5#
##.########.#......# #.# .#
#.......##.#......# #.#


You could see Grinder (very poisoned).

Vanquished Creatures
  Eustachio (D:4)
  2 jellies (D:4)
  Jessica (D:2)
  A sleepcap (D:4)
  2 iguanas (D:4)
  A gnoll (D:1)
  4 adders
  A ribbon worm (D:2)
  8 orcs
  16 endoplasms
  5 giant cockroaches
  4 goblins
  7 hobgoblins
  8 kobolds
  5 quokkas
  4 ball pythons
  7 bats
  2 frilled lizards
  3 rats (D:1)
82 creatures vanquished.

Vanquished Creatures (collateral kills)
  A rat (D:2)
1 creature vanquished.

Grand Total: 83 creatures vanquished

Notes
Turn   | Place    | Note
-------+----------+-------------------------------------------
     0 | D:1      | PaiMei the Demonspawn Necromancer began the quest for the
                  | Orb.
     0 | D:1      | Reached XP level 1. HP: 13/13 MP: 3/3
    39 | D:1      | Found a faded altar of an unknown god.
   285 | D:1      | Gained mutation: You regenerate magic rapidly. [demonic
                  | ancestry]
   285 | D:1      | Reached XP level 2. HP: 19/19 MP: 0/5
   805 | D:2      | Reached XP level 3. HP: 25/25 MP: 4/6
   809 | D:2      | Learned a level 3 spell: Vampiric Draining
   938 | D:2      | Reached skill level 1 in Fighting
  1207 | D:2      | Noticed Jessica
  1221 | D:2      | Killed Jessica
  1222 | D:2      | Gained mutation: You are partially covered in sharp spines.
                  | [demonic ancestry]
  1222 | D:2      | Reached XP level 4. HP: 23/32 MP: 2/7
  1317 | D:3      | Reached skill level 5 in Necromancy
  1887 | D:3      | Found an opulent altar of Gozag.
  1891 | D:3      | Found a sacrificial altar of Ru.
  1921 | D:3      | Found a runed translucent door.
  1924 | D:3      | Noticed MollyMolluskus's ghost (amateur OpFi)
  2140 | D:4      | Found an iron altar of Okawaru.
  2140 | D:4      | Found a sparkling altar of Nemelex Xobeh.
  2140 | D:4      | Found a hide-covered altar of Uskayaw.
  2140 | D:4      | Found an opulent altar of Gozag.
  2165 | D:4      | Gained mutation: You are mostly covered in sharp spines.
                  | [demonic ancestry]
  2165 | D:4      | Reached XP level 5. HP: 26/38 MP: 3/9
  2654 | D:4      | Found a staircase to the Ecumenical Temple.
  2663 | Temple   | Entered the Ecumenical Temple
  2683 | Temple   | Became a worshipper of Kikubaaqudgha
  2725 | D:4      | Found a runed translucent door.
  2726 | D:4      | Noticed Crazy Yiuf
  2780 | D:4      | Noticed Eustachio
  2798 | D:4      | Killed Eustachio
  2799 | D:4      | Gained mutation: You have a small tail. [demonic ancestry]
  2799 | D:4      | Reached XP level 6. HP: 38/46 MP: 3/11
  3392 | D:4      | Noticed Grinder
  3434 | D:4      | HP: 1/47 [Grinder (3)]
  3435 | D:4      | Mangled by Grinder

Illustrated notes

Levels and vault maps discovered:
D:1:      saegor_arrival_simple_c, layout_loops_cross,
          hellmonk_ecumenical_altar_leap_of_faith
D:2:      layout_rooms, kennysheep_jessica_study
D:3:      layout_rooms, mainiacjoe_overflow_alcove_3,
          ebering_ghost_reflecting_pool, kennysheep_generic_room_13
D:4:      cheibrodos_fertilizer, layout_basic, minmay_temple_entry_offerings,
          minmay_misc_feat_rugged, serial_library_hellmonk_long_bookcase,
          uniq_grinder, uniq_eustachio, uniq_edmund, uniq_crazy_yiuf_cottage
Temple:   lightli_temple_of_artemis

Skill      XL: |  1  2  3  4  5  6 |
---------------+-------------------+-----
Dodging        | 2 3 |  3.5
Stealth        | 2 |  2.0
Fighting       | 1 2 3 |  3.1
Necromancy     | 5 |  5.8
Spellcasting   | 3 |  3.6

Action                     |  1- 3 |  4- 6 || total
---------------------------+-------+-------++-------
  Melee: Unarmed           |     2 |       ||     2
         Short sword       |     3 |    26 ||    29
         Tailslap          |       |     3 ||     3
   Cast: Necrotise         |    63 |    92 ||   155
         Vampiric Draining |       |     5 ||     5
    Use: Potion            |       |     1 ||     1
 Armour: Robe              |    12 |    24 ||    36
  Dodge: Dodged            |    16 |    23 ||    39
